 Dungeon Crawl Stone Soup version 0.30-a0-879-ga8ba668304 (webtiles) character file.

Game seed: 15774387611362853973

651 cforsyth the Covered (level 7, -13/54 (59) HPs)
             Began as a Barachi Fighter on Mar 12, 2023.
             Was a Follower of Cheibriados.
             Mangled by a wight
             ... wielding a +3 great sword of freezing
              (15 damage)
             ... on level 5 of the Dungeon.
             The game lasted 00:05:50 (5061 turns).

cforsyth the Covered (Barachi Fighter)              Turns: 5061, Time: 00:05:51

HP:   -13/54 (59)   AC:  7    Str: 21    XL:     7   Next: 53%
MP:   7/7           EV:  9    Int: 10    God:    Cheibriados [*.....]
Gold: 342           SH:  5    Dex: 20    Spells: 6/6 levels left

rFire   . . .      SeeInvis .    a - +0 war axe
rCold   . . .      Faith    .    c - +0 buckler
rNeg    + . .      Spirit   .    b - +0 scale mail
rPois   .          Reflect  .    (no helmet)
rElec   .          Rampage  .    (no cloak)
rCorr   .                        (no gloves)
Will    .....                    (no boots) Stlth
                                 (no amulet)
HPRegen 0.29/turn                g - +6 ring of dexterity
MPRegen 0.10/turn                v - ring of positive energy

@: drained, very slow
A: amphibious, slowness 1, strong legs 1, +LOS
a: Hop, Renounce Religion, Bend Time


You were on level 5 of the Dungeon.
You worshipped Cheibriados.
Cheibriados was aware of your devotion.
You visited 2 branches of the dungeon, and saw 7 of its levels.

You collected 342 gold pieces.

Inventory:

Hand Weapons
 a - a +0 war axe (weapon)
Missiles
 f - a throwing net
Armour
 b - a +0 scale mail (worn)
 c - a +0 buckler (worn)
Jewellery
 g - a +6 ring of dexterity (left hand)
 v - a ring of positive energy (right hand)
Wands
 u - a wand of digging (5)
Scrolls
 h - a scroll of teleportation
 j - a scroll of noise {unknown}
 k - a scroll of magic mapping {unknown}
 t - a scroll of vulnerability {unknown}
Potions
 d - 2 potions of might
 e - 2 potions of lignification
 i - 2 potions of curing
 l - a potion of invisibility {unknown}
 m - a potion of heal wounds {unknown}
 n - a potion of brilliance {unknown}
 o - a potion of magic {unknown}
 p - a potion of cancellation {unknown}
 q - a potion of flight {unknown}
 s - a potion of resistance {unknown}


   Skills:
 + Level 6.5 Fighting
 + Level 5.4 Axes
 + Level 6.5 Armour
 - Level 3.3 Shields


You had 6 spell levels left.
You didn't know any spells.
Your spell library was empty.

Dungeon Overview and Level Annotations

Branches:
Dungeon (6/15)             Temple (1/1) D:4

Altars:
Cheibriados
Elyvilon
Fedhas
Hepliaklqana
Nemelex Xobeh
Sif Muna
Uskayaw
The Shining One

Shops:
D:3 (

Annotations:
D:4 1 runed translucent door, Crazy Yiuf


Innate Abilities, Weirdness & Mutations

You are amphibious.
You cover ground slowly.
You can hop short distances.
You have an extended range of vision and can be seen from far away.


Message History

The floor.
There is a stone staircase leading up here.
The wight hits you with a +3 great sword of freezing.
The wight freezes you.
You climb upwards.
There is a stone staircase leading down here.
You hit the wight.
The wight is lightly damaged.
You block the wight's attack. The wight closely misses you.
You hit the wight but do no damage.
The wight is lightly damaged.
The wight closely misses you.
You hit the wight but do no damage.
The wight is lightly damaged.
The wight barely misses you.
You hit the wight.
The wight is moderately damaged.
The wight hits you with a +3 great sword of freezing.
You partially resist.
You feel drained. The wight freezes you. The wight closely misses you.
You hit the wight but do no damage.
The wight is moderately damaged.
The wight hits you with a +3 great sword of freezing!
You partially resist.
You feel drained. The wight freezes you.
You barely miss the wight.
The wight is moderately damaged.
You block the wight's attack.
You hit the wight but do no damage.
The wight is moderately damaged.
The wight hits you with a +3 great sword of freezing!!
* * * LOW HITPOINT WARNING * * *
You partially resist.
You feel drained.
* * * LOW HITPOINT WARNING * * *
The wight freezes you!
* * * LOW HITPOINT WARNING * * *
You hit the wight but do no damage.
The wight is moderately damaged.
You block the wight's attack.
The wight hits you with a +3 great sword of freezing!
You die...

#..........##..........#
#...........#.......##..
###.................(.##..
##........####.............
#.........####..........###
##..........##......##.##..
##.........#.....####.##.#
#....#..z........##..##.#
##.###..@.............#..
####...................#
##...............#.#....
#................###.#.#
##...............###.#..
##............##.#.#.#..
#...<....##..###........
#........##...##.##...(.
#.........#....#........


You could see a wight.

Vanquished Creatures
  A water moccasin (D:5)
  A centaur (D:5)
  2 scorpions (D:5)
  3 hounds
  An orc wizard (D:5)
  2 sleepcaps (D:5)
  3 adders
  6 gnolls
  A white imp (D:5)
  An ufetubus (D:4)
  3 worms (D:3)
  A dart slug (D:5)
  11 orcs
  2 endoplasms
  A giant cockroach (D:1)
  4 goblins
  4 hobgoblins
  13 jackals
  2 kobolds
  2 quokkas
  3 ball pythons
  3 bats
  3 frilled lizards
  A rat (D:1)
74 creatures vanquished.

Vanquished Creatures (others)
  9 plants (D:3)
9 creatures vanquished.

Grand Total: 83 creatures vanquished

Notes
Turn   | Place    | Note
-------+----------+-------------------------------------------
     0 | D:1      | cforsyth the Barachi Fighter began the quest for the Orb.
     0 | D:1      | Reached XP level 1. HP: 18/18 MP: 1/1
   230 | D:1      | Reached XP level 2. HP: 25/25 MP: 2/2
  1051 | D:2      | Reached XP level 3. HP: 30/30 MP: 3/3
  1441 | D:3      | Reached XP level 4. HP: 13/38 MP: 4/4
  1694 | D:3      | Found Ache's Antique Weapon Emporium.
  1874 | D:4      | Reached XP level 5. HP: 13/43 MP: 5/5
  2461 | D:4      | Found a runed translucent door.
  2462 | D:4      | Noticed Crazy Yiuf
  2782 | D:4      | Found a staircase to the Ecumenical Temple.
  2976 | Temple   | Entered the Ecumenical Temple
  2987 | Temple   | Became a worshipper of Cheibriados the Contemplative
  3165 | D:5      | Entered Level 5 of the Dungeon
  3172 | D:5      | Reached skill level 5 in Fighting
  3186 | D:5      | Reached skill level 5 in Armour
  3282 | D:5      | Noticed a centaur
  3292 | D:5      | Killed a centaur
  3293 | D:5      | Reached XP level 6. HP: 30/51 MP: 6/6
  3643 | D:5      | Reached XP level 7. HP: 36/58 MP: 7/7
  3897 | D:5      | Reached skill level 5 in Axes
  4781 | D:5      | Reached * piety under Cheibriados
  5060 | D:5      | HP: 2/54 [wight/+3 great sword of freezing (9)]
  5061 | D:5      | Mangled by a wight

Illustrated notes

Levels and vault maps discovered:
D:1:      scummos_arrival_gate, layout_loops_cross, dreamdust_princess_bridge,
          chequers_serial_rivers_micro_d, minmay_fountain_box,
          minmay_stone_trees_small
D:2:      layout_basic
D:3:      layout_rooms, serial_shops, shop, nicolae_grassy_gnolls
D:4:      layout_loops_ring, temple_hall, uniq_crazy_yiuf_cottage
D:5:      layout_cave_pools
D:6:      layout_rooms, chequers_serial_rivers_large_a
Temple:   nicolae_temple_bog_church

Skill      XL: |  1  2  3  4  5  6  7 |
---------------+----------------------+-----
Fighting       | 4 5 6 |  6.5
Armour         | 4 5 6 |  6.5
Axes           | 3 4 5 |  5.4
Shields        | |  3.3

Action                     |  1- 3 |  4- 6 |  7- 9 || total
---------------------------+-------+-------+-------++-------
  Melee: War axe           |    81 |    96 |    56 ||   233
    Use: Scroll            |       |     3 |     1 ||     4
         Potion            |       |       |     1 ||     1
 Armour: Scale mail        |    56 |    59 |    22 ||   137
  Dodge: Dodged            |    45 |    46 |    36 ||   127
  Block: Buckler           |    26 |    28 |    25 ||    79

Table legend: (Time is in decaauts)
 A = Elapsed time spent in this place.
 B = Non-inter-level travel time spent in this place.
 C = Inter-level travel time spent in this place.
 D = Time resting spent in this place.
 E = Time spent auto-exploring this place.
 F = Levels seen in this place.
 G = Mean time per level.
                   A        B        C        D        E       F      G
               +--------+--------+--------+--------+--------+-----+--------+
         Total |   5907 |   5564 |    343 |   1316 |   3479 |   7 |  843.9 |
       Dungeon |   5880 |   5550 |    330 |   1316 |   3479 |   6 |  980.0 |
        Temple |     26 |     13 |     13 |      0 |      0 |   1 |   26.0 |
               +--------+--------+--------+--------+--------+-----+--------+

Top non-repeatable levels by time:
     D:4: 2040 daAuts
     D:5: 1650 daAuts
     D:2: 818 daAuts
     D:1: 772 daAuts
     D:3: 578 daAuts
  Temple: 26 daAuts
     D:6: 20 daAuts
